 Dungeon Crawl Stone Soup version 0.14-a0-987-gc8002fa (webtiles) character file.

19 4tharraofdagon the Practitioner (level 1, -2/17 HPs)
             Began as a Formicid Healer on Nov 21, 2013.
             Was a Believer of Elyvilon.
             Slain by a yellow wasp (6 damage)
             ... on Level 12 of the Dungeon.
             The game lasted 00:00:40 (50 turns).

4tharraofdagon the Practitioner (Formicid Healer)     Turns: 50, Time: 00:00:40

HP  -2/17        AC  4     Str 16      XL: 1   Next:  0%
MP   0/2         EV 12     Int 11      God: Elyvilon [**....]
Gold 19          SH  0     Dex 10      Spells:  0 memorised,  0 levels left

Res.Fire  : . . .   See Invis. : +   (no weapon)
Res.Cold  : . . .   Warding    : .   a - +1 robe
Life Prot.: . . .   Conserve   : .   (no shield)
Res.Poison: x       Res.Corr.  : .   (helmet unavailable)
Res.Elec. : .       Clarity    : .   (no cloak)
Sust.Abil.: . .     Spirit.Shd : +   (no gloves)
Res.Mut.  : .       Stasis     : +   (no boots)
Res.Rott. : .       Flight     : .   e - amulet of guardian spirit
Saprovore : . . .                    (no ring)
                                     (no ring)

@: not resistant to hostile enchantments, unstealthy
A: permanent stasis, dig shafts and tunnels, four strong arms, poison weakness,
antennae 3, exoskeleton 1
a: Dig, Shaft Self, Lesser Healing, Lesser Self-Healing, Divine Protection,
Purification, Renounce Religion


You were on level 12 of the Dungeon.
You worshipped Elyvilon.
Elyvilon was pleased with you.
You were not hungry.

You visited 1 branch of the dungeon, and saw 7 of its levels.

You collected 19 gold pieces.

Inventory:

Armour
 a - a +1 robe (worn)
Comestibles
 d - 2 bread rations
Jewellery
 e - an amulet of guardian spirit (around neck)
Potions
 b - a potion of curing
 c - a potion of heal wounds


   Skills:
 - Level 2.0 Fighting
 - Level 1.7 Dodging
 + Level 4.3 Invocations


You couldn't memorise any spells.
You didn't know any spells.

Dungeon Overview and Level Annotations

Branches:
Dungeon (12/16)
 Temple: D:4-7          Orc: D:9-12        Lair: D:8-11

Altars:


Innate Abilities, Weirdness & Mutations

Your are under a permanent stasis effect.
You can dig through walls and to a lower floor.
Your four strong arms can wield any weapon, most with a shield.
You are susceptible to poison.
You have a pair of large antennae on your head (SInv).
Your body is surrounded by an exoskeleton. (HP +5, AC +1)


Message History

You begin to dig a shaft.
You continue digging a shaft.
The worker ant bites you. A shaft appears beneath you!
You fall through a shaft for 2 floors!
The shaft crumbles and collapses.
The earth vibrates loudly upon landing!
A yellow wasp, a giant centipede and 2 ugly things come into view.
The purple ugly thing gurgles horribly!
You hear a horrible gurgling sound!
You hear a shout!
You hear a croak.
You hear an angry buzzing noise.
You hear an angry buzzing noise.
You hear a chilling moan.
Found a glowing spear and 12 bolts.
Use which ability? (? or * to list) Are you sure you want to shaft yourself?
You feel quite a bit more hungry. The yellow wasp stings you!
* * * LOW HITPOINT WARNING * * *
Your stasis keeps you stable.
You begin to dig a shaft.
You continue digging a shaft.
The yellow wasp barely misses you. The yellow wasp stings you.
You die...

... ......
......# ..k....#
#.......#
#...s...#
#.......#####.#
##..)....y.....#
........@......#
######.........#
#....(....#
#......u..#
#.....u...#
#........u
#........
#..##### .


You could see 3 ugly things, a yellow wasp, a killer bee and a giant centipede.

Vanquished Creatures (others)
  An orc (D:4)
1 creature vanquished.

Notes
Turn   | Place    | Note
--------------------------------------------------------------
     0 | D:1      | 4tharraofdagon, the Formicid Healer, began the quest for the Orb.
     0 | D:1      | Reached XP level 1. HP: 17/17 MP: 2/2
    11 | D:2      | You fall through a shaft for 2 floors!
    14 | D:4      | You fall through a shaft for 2 floors!
    29 | D:6      | You fall through a shaft for 2 floors!
    32 | D:8      | Noticed an orc wizard
    33 | D:8      | Noticed an orc wizard
    33 | D:8      | You fall through a shaft for 2 floors!
    33 | D:10     | Entered Level 10 of the Dungeon
    41 | D:10     | Noticed a worker ant
    48 | D:10     | You fall through a shaft for 2 floors!
    48 | D:12     | Noticed a yellow wasp
    48 | D:12     | Noticed a purple ugly thing
    48 | D:12     | Noticed a purple ugly thing
    50 | D:12     | Slain by a yellow wasp

Action                   || total
-------------------------++-------
 Abil: Shaft Self        ||     6
